 Dungeon Crawl Stone Soup version 0.29-a0-721-g7f417c9bbb (webtiles) character file.

Game seed: 8733247878984026448

176 gobodom the Covered (level 5, 0/46 HPs)
             Began as a Hill Orc Fighter on June 28, 2022.
             Slain by a gnoll
             ... wielding a +0 halberd
             ... led by a gnoll shaman
              (1 damage)
             ... on level 4 of the Dungeon.
             The game lasted 00:08:08 (2879 turns).

gobodom the Covered (Hill Orc Fighter)              Turns: 2879, Time: 00:08:08

Health: 0/46       AC:  9    Str: 21    XL:     5   Next: 56%
Magic:  5/5        EV:  8    Int:  8    God:
Gold:   177        SH:  8    Dex: 10    Spells: 4/4 levels left

rFire   . . .      SeeInvis .   a - +1 war axe
rCold   . . .      Faith    .   s - +0 kite shield
rNeg    . . .      Spirit   .   b - +0 scale mail
rPois   .          Reflect  .   f - +0 hat
rElec   .          Harm     .   (no cloak)
rCorr   .          Rampage  .   r - +0 pair of gloves
Will    .....                   g - +0 pair of boots
Stlth   ..........              (no amulet)
HPRegen 0.15/turn               (no ring)
MPRegen 0.09/turn               (no ring)

@: no status effects
A: no striking features
a: no special abilities


You were on level 4 of the Dungeon.
You visited 1 branch of the dungeon, and saw 4 of its levels.

You collected 177 gold pieces.

Inventory:

Hand Weapons
 a - a +1 war axe (weapon)
 q - a +2 quarterstaff of pain
 t - a +2 short sword of protection
Armour
 b - a +0 scale mail (worn)
 f - a +0 hat (worn)
 g - a +0 pair of boots (worn)
 o - the +1 scale mail "Bovy" {+Inv rF+ Int+3 Dex-4}
   (You found it on level 3 of the Dungeon)

   Int:       It affects your intelligence (+3).
   Dex:       It affects your dexterity (-4).
   rF:        It protects you from fire.
   +Inv:      It lets you turn invisible.
 r - a +0 pair of gloves (worn)
 s - a +0 kite shield (worn)
Magical Staves
 m - a staff of air
Scrolls
 c - a scroll of summoning {unknown}
 e - a scroll of blinking {unknown}
 j - a scroll of torment {unknown}
 l - 2 scrolls of fear {unknown}
 n - 2 scrolls of enchant weapon
 p - 2 scrolls of teleportation {unknown}
 u - a scroll of magic mapping {unknown}
 v - a scroll of enchant armour {unknown}
Potions
 d - a potion of might
 h - a potion of heal wounds
 i - a potion of ambrosia
 k - 3 potions of curing {unknown}


   Skills:
 + Level 4.0 Fighting
 + Level 4.3 Axes
 + Level 4.9 Armour
 + Level 0.3 Dodging
 + Level 0.1 Stealth
 + Level 4.2 Shields


You had 4 spell levels left.
You didn't know any spells.
Your spell library contained the following spells:

 Spells                   Type           Power      Damage    Failure   Level
 Passage of Golubria      Tloc           0%         N/A       100%        4
 Silence                  Hex/Air        0%         N/A       100%        5
 Lehudib's Crystal Spear  Conj/Erth      0%         10d2      100%        8


Dungeon Overview and Level Annotations

Branches:
Dungeon (4/15)
 Temple: D:4-7

Altars:

Shops:
D:2 [


Message History

You block the gnoll's attack.
The gnoll hits you from afar with a +0 halberd!
The jelly hits you.
You are splashed with acid!
You barely miss the jelly. The gnoll closely misses you.
You block the jelly's attack.
You slash the jelly!
Your hands burn!
* * * LOW HITPOINT WARNING * * *
The jelly is almost dead.
The gnoll hits you from afar with a +0 halberd.
* * * LOW HITPOINT WARNING * * *
You block the jelly's attack.
You slash the jelly!
You kill the jelly!
The gnoll barely misses you. The gnoll hits you but does no damage.
The gnoll hits you from afar with a +0 halberd.
* * * LOW HITPOINT WARNING * * *
You hit the gnoll.
The gnoll is lightly wounded.
You block the gnoll's attack. x2
You slash the gnoll!
You kill the gnoll!
You block the gnoll's attack.
The gnoll hits you from afar with a +0 halberd.
* * * LOW HITPOINT WARNING * * *
A gnoll shaman comes into view. It is wielding a +0 club.
The gnoll hits you but does no damage.
Items here: ))) ††.
The gnoll hits you but does no damage.
A gnoll comes into view. It is wielding a +0 club.
The gnoll shouts!
You block the gnoll's attack.
You hit the gnoll.
The gnoll is moderately wounded.
You block the gnoll's attack.
You barely miss the gnoll.
The gnoll is moderately wounded.
You block the gnoll's attack. The gnoll hits you with a +0 halberd.
* * * LOW HITPOINT WARNING * * *
The gnoll attacks as you move away! The gnoll hits you with a +0 halberd.
You die...

.# .# .#
.## .. ..
.#
##(#####.#
....g.g@.#
......g.##
#.#####)#
#.# #.#
#.# #>#
#.#
#.#######


You could see a gnoll shaman and 2 gnolls.

Vanquished Creatures
  A jelly (D:4)
  Jessica (D:3)
  5 adders
  3 gnolls (D:4)
  A worm (D:2)
  2 dart slugs
  4 bats
  6 endoplasms
  A giant cockroach (D:3)
  A hobgoblin (D:3)
  3 kobolds
  2 quokkas (D:3)
  3 ball pythons
  3 frilled lizards
  6 goblins
  5 rats
47 creatures vanquished.

Notes
Turn   | Place    | Note
-------+----------+-------------------------------------------
     0 | D:1      | gobodom the Hill Orc Fighter began the quest for the Orb.
     0 | D:1      | Reached XP level 1. HP: 19/19 MP: 1/1
   497 | D:1      | Reached XP level 2. HP: 26/27 MP: 2/2
  1080 | D:2      | Reached XP level 3. HP: 32/33 MP: 3/3
  1359 | D:2      | Found Vapuugill's Antique Armour Emporium.
  1992 | D:3      | Reached XP level 4. HP: 39/40 MP: 4/4
  2192 | D:3      | Found a faded altar of an unknown god.
  2268 | D:3      | Noticed Jessica
  2273 | D:3      | Killed Jessica
  2491 | D:3      | Identified the +1 scale mail "Bovy" {+Inv rF+ Int+3 Dex-4}
  2717 | D:3      | Reached XP level 5. HP: 45/46 MP: 5/5
  2878 | D:4      | HP: 1/46 [gnoll/+0 halberd[a gnoll shaman] (6)]
  2879 | D:4      | Slain by a gnoll

Illustrated notes

Levels and vault maps discovered:
D:1:      psy_arrival_dodecagon, layout_basic
D:2:      layout_loops_corners, serial_shops, nicolae_shop_waterfront,
          serial_park_tiny_pond, minmay_misc_feat_four_crosses,
          solitary_fountain
D:3:      layout_loops_ring, chequers_ecumenical_altar_grove, uniq_jessica
D:4:      layout_loops_ring, ashenzari_altar_1

Skill      XL: |  1  2  3  4  5 |
---------------+----------------+-----
Shields        | 4 |  4.2
Armour         | 4 |  4.9
Axes           | 3 4 |  4.3
Fighting       | 4 |  4.0
Dodging        | |  0.3
Stealth        | |  0.1

Action                   |  1- 3 |  4- 6 || total
-------------------------+-------+-------++-------
Melee: War axe           |    77 |    56 ||   133
Throw: Dart              |       |     3 ||     3
  Use: Scroll            |       |     3 ||     3
Armor: Scale mail        |    30 |    23 ||    53
Dodge: Dodged            |    41 |    19 ||    60
Block: Buckler           |    14 |       ||    14
       Kite shield       |     1 |    31 ||    32

Table legend: (Time is in decaauts)
 A = Elapsed time spent in this place.
 B = Non-inter-level travel time spent in this place.
 C = Inter-level travel time spent in this place.
 D = Time resting spent in this place.
 E = Time spent auto-exploring this place.
 F = Levels seen in this place.
 G = Mean time per level.
                   A        B        C        D        E       F      G
               +--------+--------+--------+--------+--------+-----+--------+
         Total |   2937 |   2937 |      0 |      0 |   2191 |   4 |  734.2 |
       Dungeon |   2937 |   2937 |      0 |      0 |   2191 |   4 |  734.2 |
               +--------+--------+--------+--------+--------+-----+--------+

Top non-repeatable levels by time:
     D:2: 1177 daAuts
     D:3: 1005 daAuts
     D:1: 713 daAuts
     D:4: 40 daAuts
